Winnipeg Jets vs Boston Bruins
Created - Tuesday, February 27, 2024 at 07:24
Goals
|
| Winnipeg Jets |
1 |
1 |
0 |
2 |
| Boston Bruins |
1 |
2 |
1 |
4 |
|
Shots
|
| Winnipeg Jets |
7 |
3 |
10 |
20 |
| Boston Bruins |
14 |
17 |
3 |
34 |
|
1st period
1. Boston Bruins , Otto Koivula 1 (Morgan Geekie 3) at 5:26
2. Winnipeg Jets , Nick Suzuki 9 (Andrew Cogliano 10) at 6:26
Penalties :
Klim Kostin (WPG) for Goalie Interference (Minor) at 6:45, Brandon Hagel (BOS) for Elbowing (Minor) at 13:29
2nd period
3. Winnipeg Jets , Nick Suzuki 10 (Kaiden Guhle 2) at 1:40
4. Boston Bruins , Brandon Hagel 8 (Pavel Zacha 12, Cam York 4) at 8:25
5. Boston Bruins , Charlie McAvoy 1 (Joel Farabee 10, Tyson Barrie 6) at 12:11 (PP)
Penalties :
Ryan Donato (BOS) for High sticking (Minor) at 1:57, Klim Kostin (WPG) for Holding (Minor) at 10:37, Cam York (BOS) for High sticking (Minor) at 12:57, Lucas Raymond (WPG) for Tripping (Minor) at 18:49
3rd period
6. Boston Bruins , Brandon Hagel 9 (Tyson Barrie 7, Charlie McAvoy 3) at 19:30 (Empty Net)
Penalties :
Kaiden Guhle (WPG) for Hooking (Minor) at 1:52, Kaiden Guhle (WPG) for Roughing (Minor) at 5:50, Morgan Geekie (BOS) for Diving (Minor) at 8:20
Goalie Stats
Ukko-Pekka Luukkonen (WPG), 30 saves from 33 shots - (0.909), L, 1-3-0, 59:22 minutes
Leevi Merilainen (BOS), 18 saves from 20 shots - (0.900), W, 3-3-1, 60:00 minutes
Players Stats for Winnipeg Jets
Player Name G A P +/- PIM S H SB GA TA FO MP PP MP PK MP
------------------------------------------------------------------------------------
Alex DeBrincat 0 0 0 -1 0 1 2 0 1 0 2/3 20:08 2:57 4:58
Andrew Cogliano 0 1 1 2 0 0 1 0 0 0 0/1 14:11 3:54 0:00
Barclay Goodrow 0 0 0 -1 0 3 1 0 0 0 0/0 12:31 0:48 0:00
Calen Addison 0 0 0 -1 0 0 1 2 0 1 0/0 21:52 3:43 4:54
Connor McDavid 0 0 0 -1 0 4 2 0 1 0 12/20 19:39 3:09 4:24
Dante Fabbro 0 0 0 -1 0 0 1 0 0 3 0/0 26:55 4:13 4:36
Dylan Samberg 0 0 0 1 0 0 0 2 0 0 0/0 11:13 0:00 0:00
Joel Armia 0 0 0 -1 0 1 1 0 0 0 0/2 13:02 0:00 1:04
Kaapo Kakko 0 0 0 2 0 1 1 0 1 0 0/1 14:24 3:57 0:00
Kaiden Guhle 0 1 1 -1 4 2 1 2 0 0 0/0 24:54 4:13 2:29
Klim Kostin 0 0 0 -1 4 0 0 0 0 0 0/0 8:42 0:37 0:00
Lucas Raymond 0 0 0 -1 2 3 2 0 0 1 0/0 18:58 2:57 3:49
Matthew Beniers 0 0 0 -1 0 0 2 1 0 0 2/4 12:45 1:00 0:00
Nathan Beaulieu 0 0 0 -1 0 0 1 1 0 2 0/0 21:52 3:43 4:54
Nick Suzuki 2 0 2 2 0 3 2 0 1 1 9/15 18:37 3:46 4:24
Pius Suter 0 0 0 -1 0 0 0 0 0 1 0/0 9:08 0:33 0:21
Sam Steel 0 0 0 -1 0 1 1 0 1 0 1/3 8:17 0:10 0:00
Ty Smith 0 0 0 1 0 1 0 0 0 0 0/0 13:17 0:00 2:07
Players Stats for Boston Bruins
Player Name G A P +/- PIM S H SB GA TA FO MP PP MP PK MP
------------------------------------------------------------------------------------
Anthony Beauvillier 0 0 0 2 0 0 0 0 0 0 0/1 20:05 4:21 3:37
Brandon Hagel 2 0 2 2 2 5 4 0 2 1 0/1 19:14 4:28 2:48
Cam York 0 1 1 2 2 0 2 1 0 0 0/0 21:51 3:43 2:38
Charlie McAvoy 1 1 2 0 0 1 1 1 0 0 0/0 22:56 5:47 4:08
David Krejci 0 0 0 -1 0 2 0 1 0 0 9/13 18:32 5:02 2:57
Jack Studnicka 0 0 0 0 0 3 0 0 0 0 0/0 8:59 0:00 0:00
Joe Veleno 0 0 0 0 0 0 0 0 1 0 1/1 11:58 0:07 0:45
Joel Farabee 0 1 1 -1 0 8 2 1 1 0 0/0 15:12 5:02 0:00
John-Jason Peterka 0 0 0 0 0 0 1 0 0 0 2/3 12:17 0:00 1:03
Luke Kunin 0 0 0 -1 0 2 2 1 1 0 0/0 15:12 5:02 0:00
Matt Grzelcyk 0 0 0 -1 0 1 1 1 0 0 0/0 14:28 0:00 0:04
Morgan Geekie 0 1 1 0 2 1 2 0 0 0 0/2 8:59 0:00 0:00
Otto Koivula 1 0 1 0 0 4 3 0 0 0 0/0 8:59 0:00 0:00
Pavel Zacha 0 1 1 2 0 0 1 0 1 2 5/17 20:03 4:21 3:46
Ryan Donato 0 0 0 0 2 3 3 0 1 1 6/11 12:09 0:07 0:56
Samuel Bolduc 0 0 0 -1 0 0 0 1 0 0 0/0 15:25 0:00 1:06
Samuel Girard 0 0 0 2 0 1 1 1 1 1 0/0 22:45 3:43 3:48
Tyson Barrie 0 2 2 0 0 3 3 1 1 0 0/0 22:56 5:47 4:08
3 Stars
1 - Brandon Hagel (BOS)
2 - Nick Suzuki (WPG)
3 - Charlie McAvoy (BOS)
Power Play
Winnipeg Jets - 0 on 4 Attempt(s) - 0.00%
Boston Bruins - 1 on 5 Attempt(s) - 20.00%
Penalty Kill
Winnipeg Jets - 4 on 5 Attempt(s) - 80.00%
- Score 0 goal in Penalty Kill
Boston Bruins - 4 on 4 Attempt(s) - 100.00%
- Score 0 goal in Penalty Kill
Team Stat
Winnipeg Jets - Hits : 19 - Faceoff Wins : 26 - Blocked Shots : 8 - Penalty Minutes : 10
Boston Bruins - Hits : 26 - Faceoff Wins : 23 - Blocked Shots : 9 - Penalty Minutes : 8
Official
Referees : Trevor Hanson and Gord Dwyer
Linesman : Brad Lazarowich and Andy McElman
Game Notes
Brandon Hagel has scored in a empty net!
Finance
Level 1 -- Attendance: 4517 (75.28%) -- Ticket Income $451,700
Level 2 -- Attendance: 3831 (76.62%) -- Ticket Income $229,860
Level 3 -- Attendance: 2027 (67.57%) -- Ticket Income $70,945
Level 4 -- Attendance: 3682 (73.64%) -- Ticket Income $92,050
Luxury Box -- Attendance: 773 (77.30%) -- Ticket Income $154,600
Game was played at the TD Garden.
Total Attendance: 14830 (74.15%)
Total Ticket Income: $999,155
Other Income: $349,704
Total Income: $1,348,859
Winnipeg Jets
5 vs 5 Forward
Center Left Wing Right Wing Time % Phy DF OF
1 Connor McDavid Alex DeBrincat Lucas Raymond 30 1 2 2
2 Nick Suzuki Andrew Cogliano Kaapo Kakko 30 1 2 2
3 Matthew Beniers Barclay Goodrow Joel Armia 25 1 2 2
4 Sam Steel Pius Suter Klim Kostin 15 1 2 2
5 vs 5 Defense
Defense Defense Time % Phy DF OF
1 Dante Fabbro Kaiden Guhle 30 1 2 2
2 Nathan Beaulieu Calen Addison 30 1 2 2
3 Dylan Samberg Ty Smith 25 1 2 2
4 Dante Fabbro Kaiden Guhle 15 1 2 2
PowerPlay Forward
Center Left Wing Right Wing Time % Phy DF OF
1 Connor McDavid Alex DeBrincat Lucas Raymond 50 1 2 2
2 Nick Suzuki Andrew Cogliano Kaapo Kakko 50 1 2 2
PowerPlay Defense
Defense Defense Time % Phy DF OF
1 Dante Fabbro Kaiden Guhle 50 1 2 2
2 Nathan Beaulieu Calen Addison 50 1 2 2
Penalty Kill 4 Players Forward
Center Wing Time % Phy DF OF
1 Connor McDavid Nick Suzuki 50 1 2 2
2 Alex DeBrincat Lucas Raymond 50 1 2 2
Penalty Kill 4 Players Defense
Defense Defense Time % Phy DF OF
1 Dante Fabbro Kaiden Guhle 50 1 2 2
2 Nathan Beaulieu Calen Addison 50 1 2 2
Penalty Kill - 3 Players Forward
Forward Time % Phy DF OF
1 Connor McDavid 50 1 2 2
2 Nick Suzuki 50 1 2 2
Penalty Kill - 3 Players Defense
Defense Defense Time % Phy DF OF
1 Dante Fabbro Kaiden Guhle 50 1 2 2
2 Nathan Beaulieu Calen Addison 50 1 2 2
4 vs 4 Forward
Center Wing Time % Phy DF OF
1 Connor McDavid Nick Suzuki 50 1 2 2
2 Alex DeBrincat Lucas Raymond 50 1 2 2
4 vs 4 Defense
Defense Defense Time % Phy DF OF
1 Dante Fabbro Kaiden Guhle 50 1 2 2
2 Nathan Beaulieu Calen Addison 50 1 2 2
Last Minutes Offensive
Center Left Wing Right Wing Defense Defense
Connor McDavid Alex DeBrincat Lucas Raymond Dante Fabbro Kaiden Guhle
Last Minutes Defensive
Center Left Wing Right Wing Defense Defense
Connor McDavid Alex DeBrincat Lucas Raymond Dante Fabbro Kaiden Guhle
Goaltenders
Starting : Ukko-Pekka Luukkonen
Backup : Spencer Knight
Extra Forwards
Normal : Matthew Beniers, Barclay Goodrow, Joel Armia - PP : Matthew Beniers, Barclay Goodrow - PK : Joel Armia
Extra Defensemen
Normal : Dylan Samberg, Ty Smith, Nathan Beaulieu - PP : Dylan Samberg - PK : Ty Smith, Nathan Beaulieu
Penalty Shots
Connor McDavid, Nick Suzuki, Alex DeBrincat, Lucas Raymond, Matthew Beniers
Boston Bruins
5 vs 5 Forward
Center Left Wing Right Wing Time % Phy DF OF
1 Pavel Zacha Brandon Hagel Anthony Beauvillier 30 1 2 2
2 David Krejci Luke Kunin Joel Farabee 30 1 2 2
3 Ryan Donato Joe Veleno John-Jason Peterka 25 1 2 2
4 Morgan Geekie Otto Koivula Jack Studnicka 15 1 2 2
5 vs 5 Defense
Defense Defense Time % Phy DF OF
1 Charlie McAvoy Tyson Barrie 35 1 2 2
2 Samuel Girard Cam York 35 1 2 2
3 Matt Grzelcyk Samuel Bolduc 30 1 2 2
4 Charlie McAvoy Tyson Barrie 0 1 2 2
PowerPlay Forward
Center Left Wing Right Wing Time % Phy DF OF
1 Pavel Zacha Brandon Hagel Anthony Beauvillier 50 1 2 2
2 David Krejci Luke Kunin Joel Farabee 50 1 2 2
PowerPlay Defense
Defense Defense Time % Phy DF OF
1 Charlie McAvoy Tyson Barrie 50 1 2 2
2 Samuel Girard Cam York 50 1 2 2
Penalty Kill 4 Players Forward
Center Wing Time % Phy DF OF
1 Brandon Hagel Pavel Zacha 50 1 2 2
2 David Krejci Anthony Beauvillier 50 1 2 2
Penalty Kill 4 Players Defense
Defense Defense Time % Phy DF OF
1 Charlie McAvoy Tyson Barrie 50 1 2 2
2 Samuel Girard Cam York 50 1 2 2
Penalty Kill - 3 Players Forward
Forward Time % Phy DF OF
1 Brandon Hagel 50 1 2 2
2 Pavel Zacha 50 1 2 2
Penalty Kill - 3 Players Defense
Defense Defense Time % Phy DF OF
1 Charlie McAvoy Tyson Barrie 50 1 2 2
2 Samuel Girard Cam York 50 1 2 2
4 vs 4 Forward
Center Wing Time % Phy DF OF
1 Brandon Hagel Pavel Zacha 50 1 2 2
2 David Krejci Anthony Beauvillier 50 1 2 2
4 vs 4 Defense
Defense Defense Time % Phy DF OF
1 Charlie McAvoy Tyson Barrie 50 1 2 2
2 Samuel Girard Cam York 50 1 2 2
Last Minutes Offensive
Center Left Wing Right Wing Defense Defense
Pavel Zacha Brandon Hagel Anthony Beauvillier Charlie McAvoy Tyson Barrie
Last Minutes Defensive
Center Left Wing Right Wing Defense Defense
Pavel Zacha Brandon Hagel Anthony Beauvillier Charlie McAvoy Tyson Barrie
Goaltenders
Starting : Leevi Merilainen
Backup : Olivier Rodrigue
Extra Forwards
Normal : Ryan Donato, Joe Veleno, John-Jason Peterka - PP : Ryan Donato, Joe Veleno - PK : John-Jason Peterka
Extra Defensemen
Normal : Matt Grzelcyk, Samuel Bolduc, Samuel Girard - PP : Matt Grzelcyk - PK : Samuel Bolduc, Samuel Girard
Penalty Shots
Brandon Hagel, Pavel Zacha, David Krejci, Anthony Beauvillier, Luke Kunin
% Time on Ice - Winnipeg Jets
Lines # - Real PCT - Wanted PCT - Time Play
Normal Forward
1 - 27% - 30% - 11:29
2 - 25% - 30% - 10:29
3 - 28% - 25% - 11:43
4 - 19% - 15% - 8:07
Normal Defense
1 - 33% - 30% - 13:41
2 - 32% - 30% - 13:14
3 - 25% - 25% - 10:34
4 - 10% - 15% - 4:19
PP Forward
1 - 40% - 50% - 3:12
2 - 60% - 50% - 4:44
PP Defense
1 - 53% - 50% - 4:13
2 - 47% - 50% - 3:43
PK Forward
1 - 48% - 50% - 4:32
2 - 52% - 50% - 4:58
PK Defense
1 - 56% - 50% - 5:21
2 - 44% - 50% - 4:09
PK3 Forward
1 - 0% - 50%
2 - 0% - 50%
PK3 Defense
1 - 0% - 50%
2 - 0% - 50%
44 Forward
1 - 0% - 50%
2 - 0% - 50%
44 Defense
1 - 0% - 50%
2 - 0% - 50%
Last Minute Offensive - 0:46
Last Minute Defensive - 0:00
Total
Forward - 60:00
Defense - 60:00
|
% Time on Ice - Boston Bruins
Lines # - Real PCT - Wanted PCT - Time Play
Normal Forward
1 - 27% - 30% - 11:21
2 - 25% - 30% - 10:33
3 - 26% - 25% - 11:03
4 - 21% - 15% - 8:59
Normal Defense
1 - 30% - 35% - 12:23
2 - 36% - 35% - 15:14
3 - 34% - 30% - 14:19
4 - 0% - 0% - 0:00
PP Forward
1 - 47% - 50% - 4:28
2 - 53% - 50% - 5:02
PP Defense
1 - 61% - 50% - 5:47
2 - 39% - 50% - 3:43
PK Forward
1 - 54% - 50% - 4:15
2 - 46% - 50% - 3:41
PK Defense
1 - 52% - 50% - 4:08
2 - 48% - 50% - 3:48
PK3 Forward
1 - 0% - 50%
2 - 0% - 50%
PK3 Defense
1 - 0% - 50%
2 - 0% - 50%
44 Forward
1 - 0% - 50%
2 - 0% - 50%
44 Defense
1 - 0% - 50%
2 - 0% - 50%
Last Minute Offensive - 0:00
Last Minute Defensive - 0:38
Total
Forward - 60:00
Defense - 60:00
|
Play-by-Play
1st period
0:01 of 1st period - Pavel Zacha wins face-off versus Connor McDavid in neutral zone.
0:23 of 1st period - Wrist shot by Joel Farabee.
0:23 of 1st period - Stopped by Ukko-Pekka Luukkonen with a rebound.
0:49 of 1st period - Kaiden Guhle is hit by Cam York and loses puck.
1:51 of 1st period - Samuel Bolduc is hit by Calen Addison and loses puck.
1:58 of 1st period - Wrist shot by Connor McDavid.
1:58 of 1st period - Stopped by Leevi Merilainen with a rebound.
2:14 of 1st period - Snap shot by Joel Armia.
2:14 of 1st period - Shot Blocked by Luke Kunin.
2:16 of 1st period - Snap shot by Barclay Goodrow.
2:16 of 1st period - Shot Blocked by Joel Farabee.
2:18 of 1st period - Slapshot by Barclay Goodrow.
2:18 of 1st period - Stopped by Leevi Merilainen with a rebound.
2:20 of 1st period - Slapshot by Dylan Samberg.
2:20 of 1st period - Shot Blocked by Matt Grzelcyk.
2:32 of 1st period - Wrist shot by Luke Kunin.
2:32 of 1st period - Stopped by Ukko-Pekka Luukkonen without a rebound.
2:33 of 1st period - Joe Veleno wins face-off versus Sam Steel in Winnipeg Jets zone.
2:44 of 1st period - Snap shot by Ryan Donato.
2:44 of 1st period - Stopped by Ukko-Pekka Luukkonen without a rebound.
2:45 of 1st period - Nick Suzuki wins face-off versus Pavel Zacha in Winnipeg Jets zone.
3:00 of 1st period - Snap shot by Brandon Hagel.
3:00 of 1st period - Shot Misses the Net.
3:36 of 1st period - Slapshot by David Krejci.
3:36 of 1st period - Shot Misses the Net.
4:18 of 1st period - Wrist shot by Kaapo Kakko.
4:18 of 1st period - Shot Misses the Net.
4:20 of 1st period - Slapshot by Kaiden Guhle.
4:20 of 1st period - Stopped by Leevi Merilainen without a rebound.
4:21 of 1st period - Ryan Donato wins face-off versus Nick Suzuki in Boston Bruins zone.
4:26 of 1st period - Ty Smith is hit by Matt Grzelcyk and loses puck.
4:35 of 1st period - Snap shot by Joe Veleno.
4:35 of 1st period - Shot Misses the Net.
4:45 of 1st period - Slapshot by Nick Suzuki.
4:45 of 1st period - Shot Misses the Net.
5:26 of 1st period - Wrist shot by Otto Koivula.
5:26 of 1st period - Goal by Otto Koivula - Winnipeg Jets : 0 - Boston Bruins : 1.
5:27 of 1st period - Connor McDavid wins face-off versus Ryan Donato in neutral zone.
5:30 of 1st period - John-Jason Peterka is hit by Alex DeBrincat and loses puck.
5:53 of 1st period - Joel Armia is hit by Brandon Hagel and loses puck.
6:14 of 1st period - Wrist shot by Nick Suzuki.
6:14 of 1st period - Shot Blocked by Tyson Barrie.
6:24 of 1st period - Slapshot by Nick Suzuki.
6:24 of 1st period - Shot Misses the Net.
6:26 of 1st period - Wrist shot by Nick Suzuki.
6:26 of 1st period - Goal by Nick Suzuki - Winnipeg Jets : 1 - Boston Bruins : 1.
6:27 of 1st period - David Krejci wins face-off versus Connor McDavid in neutral zone.
6:36 of 1st period - Wrist shot by Joel Farabee.
6:36 of 1st period - Shot Misses the Net.
6:38 of 1st period - Snap shot by Joel Farabee.
6:38 of 1st period - Stopped by Ukko-Pekka Luukkonen with a rebound.
6:40 of 1st period - Slapshot by Cam York.
6:40 of 1st period - Deflect By David Krejci.
6:40 of 1st period - Stopped by Ukko-Pekka Luukkonen with a rebound.
6:42 of 1st period - Wrist shot by Joel Farabee.
6:42 of 1st period - Stopped by Ukko-Pekka Luukkonen without a rebound.
6:43 of 1st period - Sam Steel wins face-off versus Pavel Zacha in Winnipeg Jets zone.
6:45 of 1st period - Minor Penalty to Klim Kostin for Goalie Interference.
6:46 of 1st period - Connor McDavid wins face-off versus Pavel Zacha in Winnipeg Jets zone.
7:00 of 1st period - Kaiden Guhle is hit by Tyson Barrie and loses puck.
8:04 of 1st period - Snap shot by David Krejci.
8:04 of 1st period - Shot Misses the Net.
8:06 of 1st period - Slapshot by Tyson Barrie.
8:06 of 1st period - Stopped by Ukko-Pekka Luukkonen with a rebound.
8:08 of 1st period - Slapshot by Tyson Barrie.
8:08 of 1st period - Stopped by Ukko-Pekka Luukkonen with a rebound.
8:10 of 1st period - Slapshot by Tyson Barrie.
8:10 of 1st period - Stopped by Ukko-Pekka Luukkonen without a rebound.
8:11 of 1st period - Alex DeBrincat wins face-off versus Pavel Zacha in Winnipeg Jets zone.
8:45 of 1st period - Penalty to Klim Kostin is over, Klim Kostin is back on ice.
9:08 of 1st period - Snap shot by Ryan Donato.
9:08 of 1st period - Shot Blocked by Dylan Samberg.
9:28 of 1st period - Snap shot by Barclay Goodrow.
9:28 of 1st period - Shot Misses the Net.
9:30 of 1st period - Snap shot by Barclay Goodrow.
9:30 of 1st period - Stopped by Leevi Merilainen with a rebound.
9:32 of 1st period - Snap shot by Joel Armia.
9:32 of 1st period - Stopped by Leevi Merilainen with a rebound.
9:34 of 1st period - Slapshot by Barclay Goodrow.
9:34 of 1st period - Stopped by Leevi Merilainen with a rebound.
9:44 of 1st period - Jack Studnicka is hit by Connor McDavid and loses puck.
10:11 of 1st period - Snap shot by Nick Suzuki.
10:11 of 1st period - Shot Misses the Net.
10:25 of 1st period - Joe Veleno is hit by Matthew Beniers and loses puck.
10:32 of 1st period - Snap shot by Joel Armia.
10:32 of 1st period - Shot Misses the Net.
10:46 of 1st period - Sam Steel is hit by Brandon Hagel and loses puck.
11:22 of 1st period - Alex DeBrincat is hit by Ryan Donato and loses puck.
11:46 of 1st period - Matt Grzelcyk is hit by Nathan Beaulieu.
12:45 of 1st period - Wrist shot by Joel Farabee.
12:45 of 1st period - Stopped by Ukko-Pekka Luukkonen with a rebound.
13:16 of 1st period - Wrist shot by Joel Farabee.
13:16 of 1st period - Stopped by Ukko-Pekka Luukkonen without a rebound.
13:17 of 1st period - Nick Suzuki wins face-off versus Pavel Zacha in Winnipeg Jets zone.
13:29 of 1st period - Minor Penalty to Brandon Hagel for Elbowing.
13:30 of 1st period - John-Jason Peterka wins face-off versus Nick Suzuki in Boston Bruins zone.
15:20 of 1st period - Charlie McAvoy is hit by Kaiden Guhle and loses puck.
15:29 of 1st period - Penalty to Brandon Hagel is over, Brandon Hagel is back on ice.
16:44 of 1st period - Snap shot by Joel Farabee.
16:44 of 1st period - Stopped by Ukko-Pekka Luukkonen with a rebound.
16:46 of 1st period - Slapshot by David Krejci.
16:46 of 1st period - Stopped by Ukko-Pekka Luukkonen with a rebound.
17:18 of 1st period - Barclay Goodrow is hit by Pavel Zacha and loses puck.
17:42 of 1st period - Joel Armia is hit by Charlie McAvoy and loses puck.
18:01 of 1st period - Matthew Beniers is hit by Brandon Hagel and loses puck.
18:06 of 1st period - Wrist shot by Anthony Beauvillier.
18:06 of 1st period - Shot Misses the Net.
18:08 of 1st period - Slapshot by Tyson Barrie.
18:08 of 1st period - Shot Blocked by Nathan Beaulieu.
18:16 of 1st period - Barclay Goodrow is hit by Tyson Barrie and loses puck.
18:25 of 1st period - Snap shot by Anthony Beauvillier.
18:25 of 1st period - Deflect By Brandon Hagel.
18:25 of 1st period - Shot Blocked by Calen Addison.
18:25 of 1st period - Puck is out of play.
18:26 of 1st period - Ryan Donato wins face-off versus Kaapo Kakko in Winnipeg Jets zone.
18:53 of 1st period - Kaiden Guhle is hit by Luke Kunin and loses puck.
19:54 of 1st period - Snap shot by David Krejci.
19:54 of 1st period - Shot Misses the Net.
Goals for this period are 1 for Winnipeg Jets vs 1 for Boston Bruins.
Shots for this period are 7 for Winnipeg Jets vs 14 for Boston Bruins.
2nd period
0:01 of 2nd period - Nick Suzuki wins face-off versus John-Jason Peterka in neutral zone.
0:04 of 2nd period - John-Jason Peterka is hit by Nick Suzuki and loses puck.
0:48 of 2nd period - Nick Suzuki is hit by Brandon Hagel and loses puck.
1:05 of 2nd period - Nick Suzuki is hit by Ryan Donato.
1:31 of 2nd period - Kaiden Guhle is hit by Joel Farabee and loses puck.
1:40 of 2nd period - Snap shot by Nick Suzuki.
1:40 of 2nd period - Goal by Nick Suzuki - Winnipeg Jets : 2 - Boston Bruins : 1.
1:41 of 2nd period - Connor McDavid wins face-off versus Pavel Zacha in neutral zone.
1:52 of 2nd period - Wrist shot by Connor McDavid.
1:52 of 2nd period - Stopped by Leevi Merilainen with a rebound.
1:54 of 2nd period - Snap shot by Alex DeBrincat.
1:54 of 2nd period - Stopped by Leevi Merilainen without a rebound.
1:55 of 2nd period - Ryan Donato wins face-off versus Joel Armia in Boston Bruins zone.
1:57 of 2nd period - Minor Penalty to Ryan Donato for High sticking.
1:58 of 2nd period - Connor McDavid wins face-off versus Anthony Beauvillier in Boston Bruins zone.
3:57 of 2nd period - Penalty to Ryan Donato is over, Ryan Donato is back on ice.
4:28 of 2nd period - Wrist shot by David Krejci.
4:28 of 2nd period - Shot Blocked by Matthew Beniers.
4:30 of 2nd period - Snap shot by David Krejci.
4:30 of 2nd period - Shot Misses the Net.
4:32 of 2nd period - Slapshot by Matt Grzelcyk.
4:32 of 2nd period - Shot Blocked by Dylan Samberg.
4:44 of 2nd period - Slapshot by Ryan Donato.
4:44 of 2nd period - Stopped by Ukko-Pekka Luukkonen with a rebound.
4:53 of 2nd period - Icing by John-Jason Peterka.
4:54 of 2nd period - Matthew Beniers wins face-off versus Morgan Geekie in Boston Bruins zone.
5:08 of 2nd period - Morgan Geekie is hit by Barclay Goodrow.
5:12 of 2nd period - Calen Addison is hit by Cam York and loses puck.
5:28 of 2nd period - Anthony Beauvillier is hit by Andrew Cogliano and loses puck.
6:09 of 2nd period - Wrist shot by Sam Steel.
6:09 of 2nd period - Shot Misses the Net.
6:11 of 2nd period - Slapshot by Pius Suter.
6:11 of 2nd period - Shot Blocked by David Krejci.
6:39 of 2nd period - Wrist shot by Joel Armia.
6:39 of 2nd period - Deflect By Matthew Beniers.
6:39 of 2nd period - Shot Misses the Net.
6:39 of 2nd period - Puck is out of play.
6:40 of 2nd period - Matthew Beniers wins face-off versus Pavel Zacha in Boston Bruins zone.
7:19 of 2nd period - Snap shot by Matthew Beniers.
7:19 of 2nd period - Shot Blocked by Cam York.
7:45 of 2nd period - Wrist shot by Brandon Hagel.
7:45 of 2nd period - Stopped by Ukko-Pekka Luukkonen with a rebound.
7:47 of 2nd period - Snap shot by Brandon Hagel.
7:47 of 2nd period - Shot Misses the Net.
7:49 of 2nd period - Slapshot by Cam York.
7:49 of 2nd period - Shot Blocked by Kaiden Guhle.
7:51 of 2nd period - Slapshot by Samuel Girard.
7:51 of 2nd period - Stopped by Ukko-Pekka Luukkonen with a rebound.
8:19 of 2nd period - Slapshot by Brandon Hagel.
8:19 of 2nd period - Stopped by Ukko-Pekka Luukkonen with a rebound.
8:21 of 2nd period - Backhand shot by Pavel Zacha.
8:21 of 2nd period - Shot Blocked by Kaiden Guhle.
8:23 of 2nd period - Snap shot by Brandon Hagel.
8:23 of 2nd period - Stopped by Ukko-Pekka Luukkonen with a rebound.
8:25 of 2nd period - Wrist shot by Brandon Hagel.
8:25 of 2nd period - Goal by Brandon Hagel - Winnipeg Jets : 2 - Boston Bruins : 2.
8:26 of 2nd period - David Krejci wins face-off versus Nick Suzuki in neutral zone.
8:37 of 2nd period - Wrist shot by Joel Farabee.
8:37 of 2nd period - Stopped by Ukko-Pekka Luukkonen without a rebound.
8:38 of 2nd period - Connor McDavid wins face-off versus Ryan Donato in Winnipeg Jets zone.
8:55 of 2nd period - Slapshot by Connor McDavid.
8:55 of 2nd period - Shot Misses the Net.
9:30 of 2nd period - Wrist shot by Ryan Donato.
9:30 of 2nd period - Shot Misses the Net.
9:32 of 2nd period - Snap shot by John-Jason Peterka.
9:32 of 2nd period - Deflect By Ryan Donato.
9:32 of 2nd period - Shot Misses the Net.
9:32 of 2nd period - Puck is out of play.
9:33 of 2nd period - Nick Suzuki wins face-off versus David Krejci in Winnipeg Jets zone.
9:49 of 2nd period - Snap shot by Joel Farabee.
9:49 of 2nd period - Stopped by Ukko-Pekka Luukkonen with a rebound.
10:13 of 2nd period - Otto Koivula is hit by Lucas Raymond and loses puck.
10:37 of 2nd period - Minor Penalty to Klim Kostin for Holding.
10:38 of 2nd period - Pavel Zacha wins face-off versus Alex DeBrincat in Winnipeg Jets zone.
11:16 of 2nd period - Connor McDavid is hit by Tyson Barrie and loses puck.
11:53 of 2nd period - Wrist shot by Luke Kunin.
11:53 of 2nd period - Stopped by Ukko-Pekka Luukkonen with a rebound.
12:11 of 2nd period - Slapshot by Charlie McAvoy.
12:11 of 2nd period - Deflect By Nick Suzuki.
12:11 of 2nd period - Goal by Charlie McAvoy - Winnipeg Jets : 2 - Boston Bruins : 3.
12:12 of 2nd period - Ryan Donato wins face-off versus Nick Suzuki in neutral zone.
12:27 of 2nd period - Snap shot by Nick Suzuki.
12:27 of 2nd period - Shot Blocked by Samuel Girard.
12:34 of 2nd period - Icing by Ryan Donato.
12:35 of 2nd period - John-Jason Peterka wins face-off versus Connor McDavid in Boston Bruins zone.
12:57 of 2nd period - Minor Penalty to Cam York for High sticking.
12:58 of 2nd period - Connor McDavid wins face-off versus David Krejci in Boston Bruins zone.
12:58 of 2nd period - Snap shot by Lucas Raymond.
12:58 of 2nd period - Shot Misses the Net.
13:38 of 2nd period - Snap shot by Andrew Cogliano.
13:38 of 2nd period - Shot Misses the Net.
14:57 of 2nd period - Penalty to Cam York is over, Cam York is back on ice.
15:24 of 2nd period - Pius Suter is hit by Ryan Donato and loses puck.
15:46 of 2nd period - Kaiden Guhle is hit by Morgan Geekie and loses puck.
15:55 of 2nd period - Snap shot by Jack Studnicka.
15:55 of 2nd period - Stopped by Ukko-Pekka Luukkonen without a rebound.
15:56 of 2nd period - Ryan Donato wins face-off versus Nick Suzuki in Winnipeg Jets zone.
16:23 of 2nd period - Jack Studnicka is hit by Alex DeBrincat and loses puck.
16:52 of 2nd period - Tyson Barrie is hit by Joel Armia and loses puck.
17:13 of 2nd period - Pius Suter is hit by Otto Koivula and loses puck.
17:20 of 2nd period - Kaiden Guhle is hit by Morgan Geekie and loses puck.
17:43 of 2nd period - Pius Suter is hit by Otto Koivula and loses puck.
17:55 of 2nd period - Icing by Jack Studnicka.
17:56 of 2nd period - Nick Suzuki wins face-off versus Morgan Geekie in Boston Bruins zone.
17:57 of 2nd period - Snap shot by Kaapo Kakko.
17:57 of 2nd period - Shot Blocked by Samuel Bolduc.
18:11 of 2nd period - Slapshot by Jack Studnicka.
18:11 of 2nd period - Stopped by Ukko-Pekka Luukkonen with a rebound.
18:20 of 2nd period - Wrist shot by Otto Koivula.
18:20 of 2nd period - Stopped by Ukko-Pekka Luukkonen with a rebound.
18:22 of 2nd period - Snap shot by Jack Studnicka.
18:22 of 2nd period - Stopped by Ukko-Pekka Luukkonen with a rebound.
18:24 of 2nd period - Backhand shot by Matt Grzelcyk.
18:24 of 2nd period - Stopped by Ukko-Pekka Luukkonen with a rebound.
18:36 of 2nd period - Snap shot by Otto Koivula.
18:36 of 2nd period - Stopped by Ukko-Pekka Luukkonen with a rebound.
18:42 of 2nd period - Wrist shot by Morgan Geekie.
18:42 of 2nd period - Stopped by Ukko-Pekka Luukkonen without a rebound.
18:43 of 2nd period - David Krejci wins face-off versus Connor McDavid in Winnipeg Jets zone.
18:49 of 2nd period - Minor Penalty to Lucas Raymond for Tripping.
18:50 of 2nd period - Pavel Zacha wins face-off versus Joel Armia in Winnipeg Jets zone.
19:29 of 2nd period - Slapshot by Connor McDavid.
19:29 of 2nd period - Shot Misses the Net.
Goals for this period are 1 for Winnipeg Jets vs 2 for Boston Bruins.
Shots for this period are 3 for Winnipeg Jets vs 17 for Boston Bruins.
3rd period
0:01 of 3rd period - Pavel Zacha wins face-off versus Connor McDavid in neutral zone.
0:26 of 3rd period - Nathan Beaulieu is hit by Joel Farabee and loses puck.
0:49 of 3rd period - Penalty to Lucas Raymond is over, Lucas Raymond is back on ice.
1:05 of 3rd period - Icing by Ryan Donato.
1:06 of 3rd period - Nick Suzuki wins face-off versus Ryan Donato in Boston Bruins zone.
1:09 of 3rd period - Wrist shot by Kaapo Kakko.
1:09 of 3rd period - Stopped by Leevi Merilainen without a rebound.
1:10 of 3rd period - Connor McDavid wins face-off versus David Krejci in Boston Bruins zone.
1:17 of 3rd period - Luke Kunin is hit by Connor McDavid and loses puck.
1:25 of 3rd period - Icing by David Krejci.
1:26 of 3rd period - David Krejci wins face-off versus Andrew Cogliano in Boston Bruins zone.
1:26 of 3rd period - David Krejci is hit by Nick Suzuki.
1:52 of 3rd period - Minor Penalty to Kaiden Guhle for Hooking.
1:53 of 3rd period - Connor McDavid wins face-off versus Pavel Zacha in Winnipeg Jets zone.
3:50 of 3rd period - Dante Fabbro is hit by Samuel Girard and loses puck.
3:52 of 3rd period - Penalty to Kaiden Guhle is over, Kaiden Guhle is back on ice.
4:34 of 3rd period - Backhand shot by Kaapo Kakko.
4:34 of 3rd period - Shot Misses the Net.
5:10 of 3rd period - Alex DeBrincat is hit by Luke Kunin and loses puck.
5:50 of 3rd period - Minor Penalty to Kaiden Guhle for Roughing.
5:51 of 3rd period - Pavel Zacha wins face-off versus Connor McDavid in Winnipeg Jets zone.
5:52 of 3rd period - Snap shot by Brandon Hagel.
5:52 of 3rd period - Shot Misses the Net.
6:20 of 3rd period - Slapshot by Joel Farabee.
6:20 of 3rd period - Shot Misses the Net.
7:50 of 3rd period - Penalty to Kaiden Guhle is over, Kaiden Guhle is back on ice.
8:20 of 3rd period - Minor Penalty to Morgan Geekie for Diving.
8:21 of 3rd period - Nick Suzuki wins face-off versus David Krejci in Boston Bruins zone.
8:22 of 3rd period - Backhand shot by Kaapo Kakko.
8:22 of 3rd period - Shot Misses the Net.
8:24 of 3rd period - Slapshot by Dante Fabbro.
8:24 of 3rd period - Deflect By Nick Suzuki.
8:24 of 3rd period - Shot Blocked by Charlie McAvoy.
8:24 of 3rd period - Puck is out of play.
8:25 of 3rd period - David Krejci wins face-off versus Nick Suzuki in Boston Bruins zone.
10:20 of 3rd period - Penalty to Morgan Geekie is over, Morgan Geekie is back on ice.
10:38 of 3rd period - Tyson Barrie is hit by Matthew Beniers.
10:55 of 3rd period - Off-side.
10:56 of 3rd period - David Krejci wins face-off versus Sam Steel in neutral zone.
11:06 of 3rd period - Off-side.
11:07 of 3rd period - Connor McDavid wins face-off versus Pavel Zacha in neutral zone.
11:54 of 3rd period - Icing by Samuel Bolduc.
11:55 of 3rd period - David Krejci wins face-off versus Matthew Beniers in Boston Bruins zone.
12:24 of 3rd period - Wrist shot by Connor McDavid.
12:24 of 3rd period - Stopped by Leevi Merilainen with a rebound.
12:26 of 3rd period - Slapshot by Ty Smith.
12:26 of 3rd period - Stopped by Leevi Merilainen without a rebound.
12:27 of 3rd period - David Krejci wins face-off versus Connor McDavid in Boston Bruins zone.
12:27 of 3rd period - David Krejci is hit by Lucas Raymond.
12:56 of 3rd period - Snap shot by Lucas Raymond.
12:56 of 3rd period - Stopped by Leevi Merilainen without a rebound.
12:57 of 3rd period - Nick Suzuki wins face-off versus Pavel Zacha in Boston Bruins zone.
13:27 of 3rd period - Snap shot by Connor McDavid.
13:27 of 3rd period - Stopped by Leevi Merilainen with a rebound.
13:29 of 3rd period - Snap shot by Kaiden Guhle.
13:29 of 3rd period - Stopped by Leevi Merilainen with a rebound.
13:45 of 3rd period - Barclay Goodrow is hit by John-Jason Peterka and loses puck.
13:50 of 3rd period - Snap shot by Ryan Donato.
13:50 of 3rd period - Stopped by Ukko-Pekka Luukkonen without a rebound.
13:51 of 3rd period - Nick Suzuki wins face-off versus Ryan Donato in Winnipeg Jets zone.
13:58 of 3rd period - Snap shot by Nick Suzuki.
13:58 of 3rd period - Stopped by Leevi Merilainen with a rebound.
14:04 of 3rd period - Snap shot by Joe Veleno.
14:04 of 3rd period - Shot Blocked by Calen Addison.
14:48 of 3rd period - Snap shot by Sam Steel.
14:48 of 3rd period - Shot Misses the Net.
14:50 of 3rd period - Wrist shot by Pius Suter.
14:50 of 3rd period - Deflect By Sam Steel.
14:50 of 3rd period - Shot Misses the Net.
14:50 of 3rd period - Puck is out of play.
14:51 of 3rd period - David Krejci wins face-off versus Connor McDavid in Boston Bruins zone.
15:32 of 3rd period - Dante Fabbro is hit by Otto Koivula.
15:52 of 3rd period - Snap shot by Sam Steel.
15:52 of 3rd period - Stopped by Leevi Merilainen with a rebound.
15:55 of 3rd period - Icing by Cam York.
15:56 of 3rd period - Connor McDavid wins face-off versus Pavel Zacha in Boston Bruins zone.
16:30 of 3rd period - Wrist shot by Ryan Donato.
16:30 of 3rd period - Shot Misses the Net.
16:49 of 3rd period - Off-side.
16:50 of 3rd period - Alex DeBrincat wins face-off versus Ryan Donato in neutral zone.
17:16 of 3rd period - Charlie McAvoy is hit by Sam Steel and loses puck.
17:27 of 3rd period - Snap shot by Pius Suter.
17:27 of 3rd period - Shot Misses the Net.
17:29 of 3rd period - Slapshot by Klim Kostin.
17:29 of 3rd period - Shot Misses the Net.
17:49 of 3rd period - Slapshot by Otto Koivula.
17:49 of 3rd period - Stopped by Ukko-Pekka Luukkonen with a rebound.
18:15 of 3rd period - Matt Grzelcyk is hit by Kaapo Kakko and loses puck.
18:52 of 3rd period - Winnipeg Jets, Ukko-Pekka Luukkonen is pulled from the net.
18:52 of 3rd period - Snap shot by Connor McDavid.
18:52 of 3rd period - Deflect By Alex DeBrincat.
18:52 of 3rd period - Shot Misses the Net.
18:52 of 3rd period - Puck is out of play.
18:53 of 3rd period - Barry Trotz call a timeout for Winnipeg Jets.
18:53 of 3rd period - Connor McDavid wins face-off versus Pavel Zacha in Boston Bruins zone.
18:54 of 3rd period - Snap shot by Lucas Raymond.
18:54 of 3rd period - Stopped by Leevi Merilainen without a rebound.
18:55 of 3rd period - Connor McDavid wins face-off versus Brandon Hagel in Boston Bruins zone.
19:18 of 3rd period - Snap shot by Lucas Raymond.
19:18 of 3rd period - Stopped by Leevi Merilainen with a rebound.
19:30 of 3rd period - Wrist shot by Brandon Hagel.
19:30 of 3rd period - Goal by Brandon Hagel - Winnipeg Jets : 2 - Boston Bruins : 4.
19:30 of 3rd period - Ukko-Pekka Luukkonen from Winnipeg Jets was sent back in the game.
19:31 of 3rd period - Ryan Donato wins face-off versus Matthew Beniers in neutral zone.
19:57 of 3rd period - Tyson Barrie is hit by Dante Fabbro and loses puck.
Goals for this period are 0 for Winnipeg Jets vs 1 for Boston Bruins.
Shots for this period are 10 for Winnipeg Jets vs 3 for Boston Bruins.
Back to the Top